 Dungeon Crawl Stone Soup version 0.17.0-26-gececa24 (webtiles) character file.

6003 Jaden271 the Basher (level 10, -21/50 HPs)
             Began as a Gargoyle Berserker on Nov 19, 2015.
             Was an Elder of Trog.
             Killed from afar by a lich (36 damage)
             ... with a bolt of cold
             ... on level 1 of the Abyss.
             The game lasted 01:08:51 (9627 turns).

Jaden271 the Basher (Gargoyle Berserker)            Turns: 9627, Time: 01:08:51

Health: -21/50     AC: 25    Str: 23    XL:     10   Next: 85%
Magic:  12/16      EV: 14    Int:  8    God:    Trog [****..]
Gold:   658        SH:  0    Dex: 11    Spells: 0 memorised, 9 levels left

rFire  . . .     SeeInvis .     N - +2 mace (protect)
rCold  . . .     Clarity  .     o - +0 ring mail
rNeg   + . .     SustAt   .     (no shield)
rPois  ∞         Gourm    .     q - +1 helmet
rElec  +         Spirit   .     r - +0 cloak
rCorr  .         Warding  .     F - +0 pair of gloves
rMut   .         Stasis   .     B - +0 pair of boots of Sloth {rElec Str+2 Dex+4}
MR     ++...                    I - amulet of regeneration
Stlth  ++........               C - ring of magical power
                                k - ring of stealth

@: exhausted, regenerating, slowed, very slow, very resistant to hostile
enchantments, unstealthy
A: big wings, rough black scales 1, blurry vision 1, clumsy 1, deformed body,
frail 1, low mp 3, negative energy resistance 1, electricity resistance, weak 1,
unbreathing, petrification resistance, rot immunity, MP-powered wands, AC +7
a: Fly, Berserk, Trog's Hand, Brothers in Arms, Burn Spellbooks, Renounce
Religion


You were on level 1 of the Abyss.
You worshipped Trog.
Trog was greatly pleased with you.
You were not hungry.

You visited 2 branches of the dungeon, and saw 10 of its levels.
You visited the Abyss 1 time.
You also visited: Bailey.

You collected 727 gold pieces.
You spent 69 gold pieces at shops.

Inventory:

Hand Weapons
 K - a +0 mace of distortion
 N - a +2 mace of protection (weapon)
Armour
 o - a +0 ring mail (worn)
 q - a +1 helmet (worn)
 r - a +0 cloak (worn)
 B - the +0 pair of boots of Sloth (worn) {rElec Str+2 Dex+4}
   (You found it on level 6 of the Dungeon)

   It affects your strength (+2).
   It affects your dexterity (+4).
   It insulates you from electricity.
 F - a +0 pair of gloves (worn)
Jewellery
 k - a ring of stealth (left hand)
 C - a ring of magical power (right hand)
 I - an amulet of regeneration (around neck)
Wands
 b - a wand of fireball (0)
 f - a wand of confusion (16)
 g - a wand of fire (6)
 w - a wand of slowing (3)
 D - a wand of slowing (12)
 E - a wand of flame (8)
Scrolls
 d - 2 scrolls of teleportation
 e - a scroll of blinking
 h - 11 scrolls of identify
 l - 2 scrolls of fear {unknown}
 t - 2 scrolls of amnesia
 u - a scroll of fog
 v - 2 scrolls of recharging
 y - 6 scrolls of remove curse
 A - a scroll of enchant armour
 G - 2 scrolls of noise {unknown}
 J - a scroll of summoning {unknown}
 M - a scroll of random uselessness {unknown}
Potions
 i - 2 potions of haste
 n - 4 potions of lignification
 s - a potion of heal wounds
 x - 2 potions of curing
 z - a potion of might
 H - a potion of resistance
Comestibles
 a - 12 fruits
 c - a bread ration
 j - 6 slices of pizza
 m - 7 meat rations
 p - 4 royal jellies
 L - 3 inedible chunks of flesh


   Skills:
 - Level 3.4 Fighting
 * Level 11.4 Maces & Flails
 + Level 6.0 Armour
 + Level 8.6 Dodging
 - Level 0.8 Stealth
 + Level 1.0 Evocations


You had 9 spell levels left.
You didn't know any spells.

Dungeon Overview and Level Annotations

Branches:
Dungeon (9/15)             Temple (1/1) D:5             Orc (0/4) D:9
   Lair: D:8-11

Altars:
Ashenzari
Cheibriados
Dithmenos
Elyvilon
Fedhas
Gozag
Kikubaaqudgha
Makhleb
Nemelex Xobeh
Okawaru
Qazlal
Ru
Sif Muna
Trog
Vehumet
Xom
Yredelemnul
Zin
The Shining One

Shops:
D:7 (   D:9 (

Annotations:
D:8 Gastronok, Prince Ribbit


Innate Abilities, Weirdness & Mutations

You are resistant to torment.
Your stone body is resilient (AC +7).
You are immune to poison.
You resist negative energy.
You are resistant to electric shocks.
You can survive without breathing.
You are immune to petrification.
You are immune to rotting.
Your large and strong wings let you fly indefinitely.
You are partially covered in rough black scales (AC +4, Dex -1).
Armour fits poorly on your strangely shaped body.
[Scrolls take you a little longer to read.]
[You are clumsy. (Dex -2)]
[You are frail (-10% HP).]
[Your magical capacity is extremely low (-30% MP).]
[You are weak. (Str -2)]
[You expend magic power (3 MP) to strengthen your wands.]


Message History

The lich is lightly damaged.
The lich casts a spell.
The lich touches you but does no damage.
The tentacled monstrosity tentacle-slaps you but does no damage.
The tentacled monstrosity barely misses you.
The tentacled monstrosity tentacle-slaps you but does no damage.
The tentacled monstrosity constricts you.
You hear a bellow!
Unknown command.
You escape the tentacled monstrosity's grasp.
You feel the effects of Trog's Hand fading.
The lich points at you and mumbles some strange words.
The bolt of cold hits you!
* * * LOW HITPOINT WARNING * * *
The green death hits you.
* * * LOW HITPOINT WARNING * * *
The lich gestures at you while chanting.
The bolt of cold hits you!
Ouch! That really hurt!
You die...

#......#X # #
.##..§# #.....$
## . .. ... #
#......## ####
.# .# ##....##
####..
#..##..### ##.
# #..#......#
#. #.XL..## # #
# #.2.##### # #
#...#@...# #
#..#..###.#....
#. #.###. .# .
#.. #.# #. # #.
.. #. # .. .# .


You could see a tentacled monstrosity, a lich and a green death.

Vanquished Creatures
  A death drake (Abyss:1)
  A wretched star (Abyss:1)
  Pikel (D:4)
  Sigmund (D:2)
  A yak (D:8)
  A hungry ghost (D:5)
  An orc warrior (D:6)
  A black bear (D:5)
  3 ogres
  4 centaurs
  5 big kobolds
  A giant frog (D:8)
  5 gnoll sergeants
  3 scorpions
  3 wights (D:6)
  3 crimson imps
  6 hounds
  3 orc wizards
  A centaur skeleton (D:4)
  A jelly (D:5)
  Crazy Yiuf (D:2)
  5 gnoll shamans (Bailey)
  Ijyb (D:3)
  An orc priest (D:6)
  Terence (D:2)
  Natasha (thrice) (D:2)
  2 sheep (D:8)
  3 iguanas
  A worker ant (D:8)
  A hound zombie (D:7)
  Robin (D:2)
  23 gnolls
  7 adders
  2 oozes
  An adder skeleton (D:5)
  A worm (D:3)
  8 giant geckos
  35 orcs
  2 ball pythons (D:1)
  10 bats
  7 giant cockroaches
  9 hobgoblins
  8 jackals
  31 kobolds
  8 giant newts
  12 goblins
  4 quokkas
  2 quokka zombies (D:6)
  7 rats
  9 plants (D:6)
252 creatures vanquished.

Vanquished Creatures (collateral kills)
  A gnoll sergeant (D:7)
  4 gnolls (D:7)
5 creatures vanquished.

Vanquished Creatures (others)
  A hydra (D:8)
  Eustachio (D:4)
  4 gnoll sergeants (Bailey)
  A gnoll shaman (Bailey)
  4 gnolls
  An adder (D:8)
12 creatures vanquished.

Grand Total: 269 creatures vanquished

Notes
Turn   | Place    | Note
--------------------------------------------------------------
     0 | D:1      | Jaden271 the Gargoyle Berserker began the quest for the Orb.
     0 | D:1      | Reached XP level 1. HP: 14/14 MP: 1/1
    77 | D:1      | Reached XP level 2. HP: 12/19 MP: 2/2
   501 | D:1      | Reached XP level 3. HP: 18/23 MP: 3/3
   528 | D:1      | Reached ** piety under Trog
   862 | D:2      | Noticed Robin
   902 | D:2      | Reached skill level 4 in Maces & Flails
   905 | D:2      | Killed Robin
   913 | D:2      | Reached XP level 4. HP: 6/28 MP: 4/4
  1316 | D:2      | Noticed Natasha
  1333 | D:2      | Killed Natasha
  1548 | D:2      | Noticed Terence
  1562 | D:2      | Killed Terence
  1562 | D:2      | Reached XP level 5. HP: 26/32 MP: 5/5
  1644 | D:2      | Noticed Sigmund
  1690 | D:2      | Killed Sigmund
  1690 | D:2      | Reached skill level 5 in Maces & Flails
  1690 | D:2      | Reached XP level 6. HP: 32/37 MP: 6/6
  1808 | D:2      | Noticed Natasha
  1829 | D:2      | Killed Natasha
  1962 | D:2      | Noticed Crazy Yiuf
  1973 | D:2      | Killed Crazy Yiuf
  2012 | D:2      | Noticed Natasha
  2019 | D:2      | Killed Natasha
  2019 | D:2      | Reached *** piety under Trog
  2293 | D:3      | Found a shadowy altar of Dithmenos.
  2387 | D:3      | Reached XP level 7. HP: 27/41 MP: 7/7
  2901 | D:3      | Noticed Ijyb
  2937 | D:3      | Killed Ijyb
  2937 | D:3      | Reached skill level 6 in Maces & Flails
  3156 | D:4      | Found a white marble altar of Elyvilon.
  3632 | D:4      | Noticed Pikel
  3633 | D:4      | Noticed Eustachio
  3653 | D:4      | Killed Pikel
  3653 | D:4      | Reached skill level 7 in Maces & Flails
  3653 | D:4      | Reached skill level 5 in Dodging
  3653 | D:4      | Reached XP level 8. HP: 46/46 MP: 8/8
  3657 | D:4      | Received a gift from Trog
  3678 | D:4      | Killed Eustachio
  4041 | D:5      | Entered Level 5 of the Dungeon
  4041 | D:5      | Found an iron altar of Okawaru.
  4058 | D:5      | Reached skill level 8 in Maces & Flails
  4220 | D:5      | Found a staircase to the Ecumenical Temple.
  4285 | D:5      | Found a white marble altar of Elyvilon.
  4385 | D:5      | Reached **** piety under Trog
  4585 | Temple   | Entered the Ecumenical Temple
  4988 | D:5      | Found a snail-covered altar of Cheibriados.
  4993 | D:5      | Found a shattered altar of Ashenzari.
  5165 | D:6      | Reached XP level 9. HP: 21/51 MP: 9/9
  5381 | D:6      | Reached skill level 9 in Maces & Flails
  5468 | D:6      | Found an opulent altar of Gozag.
  5587 | D:6      | HP: 2/51 [orc warrior/long sword (11)]
  5607 | D:6      | Received a gift from Trog
  6086 | D:6      | Got a pair of transparent boots
  6092 | D:6      | Identified the +0 pair of boots of Sloth {rElec Str+2 Dex+4} (You found it on level 6 of the Dungeon)
  6848 | D:7      | Gained mutation: Your large and strong wings let you fly indefinitely. [potion of mutation]
  6848 | D:7      | Gained mutation: Armour fits poorly on your strangely shaped body. [potion of mutation]
  6848 | D:7      | Gained mutation: You are partially covered in rough black scales (AC +4, Dex -1). [potion of mutation]
  6895 | D:7      | Found a basalt altar of Yredelemnul.
  7271 | D:7      | Found a shimmering altar of Xom.
  7271 | D:7      | Found an ancient bone altar of Kikubaaqudgha.
  7271 | D:7      | Found a blossoming altar of Fedhas.
  7297 | D:7      | Found Dydwun's Antique Weapon Emporium.
  7309 | D:7      | Bought a glowing mace for 69 gold pieces
  7752 | D:8      | Noticed Prince Ribbit
  7782 | D:8      | Reached skill level 10 in Maces & Flails
  7860 | D:8      | Found a burning altar of Makhleb.
  7892 | D:8      | Noticed Gastronok
  8049 | D:8      | Found a flagged portal.
  8068 | Bailey   | Entered a bailey
  8203 | Bailey   | Reached skill level 5 in Armour
  8266 | Bailey   | Reached XP level 10. HP: 43/56 MP: 10/10
  9019 | D:8      | Noticed a three-headed hydra
  9074 | D:8      | Banished a three-headed hydra
  9074 | D:8      | Reached skill level 11 in Maces & Flails
  9364 | D:9      | Found Kaevyumm's Weapon Shop.
  9368 | D:9      | Found a staircase to the Orcish Mines.
  9389 | D:9      | Cast into the Abyss (a distortion unwield)
  9478 | Abyss:1  | Noticed a wretched star
  9500 | Abyss:1  | Noticed a death drake
  9514 | Abyss:1  | Killed a wretched star
  9514 | Abyss:1  | Reached skill level 1 in Evocations
  9547 | Abyss:1  | Killed a death drake
  9584 | Abyss:1  | Noticed a lich
  9590 | Abyss:1  | Noticed a tentacled monstrosity
  9590 | Abyss:1  | Noticed a large abomination
  9590 | Abyss:1  | Noticed a tentacled monstrosity
  9590 | Abyss:1  | Noticed a large abomination
  9592 | Abyss:1  | Noticed a Hell Sentinel
  9603 | Abyss:1  | Noticed a cacodemon
  9604 | Abyss:1  | Noticed a shadow demon
  9611 | Abyss:1  | Noticed a tentacled monstrosity
  9611 | Abyss:1  | Noticed a large abomination
  9612 | Abyss:1  | Noticed a tentacled monstrosity
  9626 | Abyss:1  | Noticed a green death
  9627 | Abyss:1  | Killed from afar by a lich

Action                   |  1- 3 |  4- 6 |  7- 9 | 10-12 || total
-------------------------+-------+-------+-------+-------++-------
Melee: Mace              |   123 |   211 |   818 |   251 ||  1403
       Dagger            |       |     5 |       |       ||     5
Invok: Berserk           |     2 |     2 |     3 |     2 ||     9
       Trog's Hand       |       |     3 |     5 |     3 ||    11
       Burn Spellbooks   |       |       |     2 |       ||     2
       Brothers in Arms  |       |       |     1 |     1 ||     2
Evoke: Wand              |       |     6 |     6 |     4 ||    16
  Use: Potion            |     3 |       |     8 |       ||    11
       Scroll            |       |     9 |     3 |       ||    12
 Stab: Sleeping          |     2 |     4 |     3 |       ||     9
       Confused          |       |     1 |     1 |       ||     2
       Distracted        |       |       |       |     1 ||     1
  Eat: Chunk             |     1 |     9 |    21 |     5 ||    36
       Fruit             |       |       |     4 |     2 ||     6
       Beef jerky        |       |       |     2 |       ||     2
       Bread ration      |       |       |       |     1 ||     1
